 Dungeon Crawl Stone Soup version 0.29.0 (webtiles) character file.

Game seed: 13509226419405449291

59 DemonSlayer the Firebug (level 3, 0/24 HPs)
             Began as a Demonspawn Fire Elementalist on Aug 25, 2022.
             Killed from afar by a dart slug (4 damage)
             ... with a slug dart
             ... on level 2 of the Dungeon.
             The game lasted 00:01:59 (1989 turns).

DemonSlayer the Firebug (DsFE)                      Turns: 1989, Time: 00:02:00

Health: 0/24       AC:  2    Str:  8    XL:     3   Next: 78%
Magic:  2/7        EV: 12    Int: 18    God:
Gold:   97         SH:  0    Dex: 13    Spells: 4/7 levels left

rFire   . . .      SeeInvis .   h - +0 mace
rCold   . . .      Faith    .   (no shield)
rNeg    . . .      Spirit   .   a - +0 robe
rPois   .          Reflect  .   (helmet restricted)
rElec   .          Harm     .   (no cloak)
rCorr   .          Rampage  .   (no gloves)
Will    +....                   (no boots)
Stlth   ++........              (no amulet)
HPRegen 0.08/turn               l - ring of willpower
MPRegen 0.10/turn               (no ring)

@: no status effects
A: horns 1, ignite blood 1
a: no special abilities


You were on level 2 of the Dungeon.
You visited 1 branch of the dungeon, and saw 2 of its levels.

You collected 97 gold pieces.

Inventory:

Hand Weapons
 h - a +0 mace (weapon)
Missiles
 k - 2 curare-tipped darts
Armour
 a - a +0 robe (worn)
Jewellery
 l - a ring of willpower (left hand)
Scrolls
 g - a scroll of teleportation {unknown}
 i - 2 scrolls of identify {unknown}
 j - 2 scrolls of butterflies {unknown}
Potions
 b - 3 potions of magic
 c - a potion of might {unknown}
 d - a potion of degeneration {unknown}
 e - 2 potions of lignification {unknown}
 f - a potion of brilliance {unknown}
 m - 3 potions of curing {unknown}


   Skills:
 + Level 1.8 Dodging
 + Level 1.8 Stealth
 + Level 2.8 Spellcasting
 + Level 2.1 Conjurations
 + Level 3.2 Fire Magic


You had 4 spell levels left.
You knew the following spells:

 Your Spells              Type           Power      Damage    Failure   Level
a - Foxfire               Conj/Fire      48%        2x1d6     5%          1
b - Scorch                Fire           28%        2d6       7%          2

Your spell library contained the following spells:

 Spells                   Type           Power      Damage    Failure   Level
 Conjure Flame            Conj/Fire      12%        6-21      17%         3
 Inner Flame              Hex/Fire       8%         N/A       26%         3
 Flame Wave               Conj/Fire      12%        2d6       50%         4


Dungeon Overview and Level Annotations

Branches:
Dungeon (2/15)

Altars:


Innate Abilities, Weirdness & Mutations

You have a pair of small horns on your head.
Your demonic aura sometimes causes spilled blood to erupt in flames.


Message History

The kobold hits you with a +0 dagger.
Unknown command.
You hit the kobold but do no damage.
The kobold is heavily wounded.
The kobold hits you but does no damage.
The dart slug bites you but does no damage.
The kobold barely misses you.
Unknown command.
You barely miss the kobold.
The kobold is heavily wounded.
The dart slug closely misses you. The kobold hits you with a +0 dagger.
Unknown command.
You closely miss the kobold.
The kobold is heavily wounded.
The kobold hits you with a +0 dagger. The dart slug bites you.
Unknown command.
You are too injured to fight recklessly!
Unknown command.
You are too injured to fight recklessly!
You are too injured to fight recklessly!
You are too injured to fight recklessly!
You are too injured to fight recklessly!
The kobold attacks as you move away! The kobold barely misses you.
The dart slug briefly extends its eye-stalks.
The kobold barely misses you. The kobold attacks as you move away!
The kobold hits you with a +0 dagger.
You barely miss the kobold.
You headbutt the kobold, but do no damage.
The kobold is moderately wounded.
The kobold closely misses you. The kobold hits you with a +0 dagger.
* * * LOW HITPOINT WARNING * * *
Your magical contamination has completely faded away.
You barely miss the kobold. You headbutt the kobold.
You kill the kobold!
The dart slug launches a dart at you. The slug dart hits you.
* * * LOW HITPOINT WARNING * * *
The dart slug launches a dart at you. The slug dart hits you.
You die...

###. #...
....######### #.##...
.....#....(.# #.# #.
..$........# #.# #.
#.†.....# ##.####.
#......# #.....#.
####.#########.....#.
#w# ........#..## #@#
......†....## #.#
...(....#..#.
#.##########.#....
#.#...###....##...
#.#..(............
#.#...........#...
#.#...........#...
#.)...............
###...#......##...


You could see a dart slug.

Vanquished Creatures
  Jessica (D:2)
  An adder (D:2)
  A bat (D:1)
  5 endoplasms (D:1)
  2 giant cockroaches
  4 goblins
  3 ball pythons
  4 frilled lizards
  2 kobolds
  A rat (D:1)
24 creatures vanquished.

Vanquished Creatures (others)
  129 foxfires
129 creatures vanquished.

Grand Total: 153 creatures vanquished

Notes
Turn   | Place    | Note
-------+----------+-------------------------------------------
     0 | D:1      | DemonSlayer the Demonspawn Fire Elementalist began the
                  | quest for the Orb.
     0 | D:1      | Reached XP level 1. HP: 13/13 MP: 3/3
   659 | D:1      | Discovered your monstrous ancestry.
   659 | D:1      | Gained mutation: You have a pair of small horns on your
                  | head. [demonic ancestry]
   659 | D:1      | Reached XP level 2. HP: 19/19 MP: 0/5
   662 | D:1      | Learned a level 2 spell: Scorch
  1089 | D:1      | Reached skill level 3 in Fire Magic
  1826 | D:2      | Found a faded altar of an unknown god.
  1858 | D:2      | Noticed Jessica
  1866 | D:2      | Killed Jessica
  1867 | D:2      | Gained mutation: Your demonic aura sometimes causes spilled
                  | blood to erupt in flames. [demonic ancestry]
  1867 | D:2      | Reached XP level 3. HP: 16/24 MP: 0/7
  1989 | D:2      | Killed from afar by a dart slug

Illustrated notes

Levels and vault maps discovered:
D:1:      onia_arrival_handbag, layout_basic, nrook_uturn,
          chequers_serial_rivers_marsh, amcnicky_mini_pool_small
D:2:      minmay_chambers_of_twos, layout_basic, ebering_ecumenical_altar_hall,
          uniq_crazy_yiuf_cottage, uniq_jessica

Skill      XL: |  1  2  3 |
---------------+----------+-----
Fire Magic     | 3 |  3.2
Conjurations   | 2 |  2.1
Dodging        | |  1.8
Stealth        | |  1.8
Spellcasting   | |  2.8

Action                   || total
-------------------------++-------
Melee: Mace              ||    12
       Unarmed           ||     2
       Headbutt          ||     3
 Cast: Foxfire           ||    78
Armor: Robe              ||     4
Dodge: Dodged            ||    16
